 Dungeon Sprint DCSS version 0.19-a0-1007-g133f65f (webtiles) character file.

43218 nextgen the Bludgeoner (level 13, -5/115 HPs)
             Began as a Mummy Fighter on July 19, 2016.
             Was the Champion of Okawaru.
             Killed from afar by a tengu reaver (23 damage)
             ... with a fireball
             ... in the Dungeon (Sprint IX: "|||||||||||||||||||||||||||||").
             The game lasted 00:09:21 (4800 turns).

nextgen the Bludgeoner (Mummy Fighter)              Turns: 4800, Time: 00:09:23

Health: -5/115     AC: 30    Str: 27    XL:     13   Next: 89%
Magic:  22/22      EV: 17    Int:  2    God:    Okawaru [******]
Gold:   1478       SH: 24    Dex: 15    Spells: 0 memorised, 12 levels left

rFire  + . .     SeeInvis +     h - +4 morningstar (protect)
rCold  . . .     Gourm    .     t - +2 fire dragon armour "Viffepewni" {rPois rF++ rC- Str+3 Int-5 SInv}
rNeg   + + +     Faith    .     s - +1 large shield
rPois  ∞         Spirit   .     i - +0 helmet
rElec  .         Dismiss  .     j - +0 cloak
rCorr  .         Reflect  .     v - +1 pair of gloves
SustAt .         Harm     .     a - +0 pair of boots
MR     +....     NoTele   +     (no amulet)
Stlth  +.........               m - +2 ring of protection
                                l - +3 ring of dexterity

@: heroism, somewhat resistant to hostile enchantments, very unstealthy
A: no food or potions, fire vulnerability, cold resistance 1, negative energy
resistance 3, torment resistance, unbreathing, in touch with death 1, restore
body
a: Self-Restoration, Heroism, Finesse, Renounce Religion


You were in the Dungeon.
You worshipped Okawaru.
Okawaru was exalted by your worship.
You were not hungry.

You visited 1 branch You collected 1918 gold pieces.
You spent 440 gold pieces at shops.

Inventory:

Hand Weapons
 h - a +4 morningstar of protection (weapon)
 k - a +1 great mace of crushing
Armour
 a - a +0 pair of boots (worn)
 i - a +0 helmet (worn)
 j - a +0 cloak (worn)
 s - a +1 large shield (worn)
 t - the +2 fire dragon armour "Viffepewni" (worn) {rPois rF++ rC- Str+3 Int-5 SInv}
   (You found it in the Dungeon)

   It affects your strength (+3).
   It affects your intelligence (-5).
   It greatly protects you from fire.
   It makes you vulnerable to cold.
   It protects you from poison.
   It lets you see invisible.
 u - a +2 fire dragon armour
 v - a +1 pair of gloves (worn)
Jewellery
 l - a +3 ring of dexterity (left hand)
 m - a +2 ring of protection (right hand)
Wands
 g - a wand of iceblast (7/15)
 o - a wand of acid (10/15)
 r - a wand of teleportation (3/9)
Scrolls
 b - a scroll of fear
 d - 2 scrolls of blinking
 e - 5 scrolls of remove curse
 f - 2 scrolls of amnesia
 n - 2 scrolls of fog
 p - a scroll of recharging
 q - 2 scrolls of identify
Miscellaneous
 c - a lamp of fire


   Skills:
 + Level 15.0(20.0) Fighting
 * Level 18.7(23.7) Maces & Flails
 + Level 10.6(15.6) Armour
 + Level 7.9(12.9) Dodging
 - Level 0.3(5.3) Stealth
 + Level 13.8(18.8) Shields
 * Level 12.3 Invocations
 * Level 7.6 Evocations


You had 12 spell levels left.
You didn't know any spells.

Dungeon Overview and Level Annotations

Branches:
Dungeon (1/1)

Altars:
Cheibriados
Dithmenos
Elyvilon
Fedhas
Gozag
Hepliaklqana
Kikubaaqudgha
Makhleb
Nemelex Xobeh
Okawaru
Pakellas
Qazlal
Ru
Sif Muna
Trog
Uskayaw
Vehumet
Xom
Yredelemnul
Zin
The Shining One
Beogh
Jiyva
Lugonu

Shops:
D (}(*


Innate Abilities, Weirdness & Mutations

You do not eat or drink.
Your flesh is vulnerable to fire.
You are immune to poison.
Your flesh is cold resistant. (rC+)
You are immune to negative energy. (rN+++)
You are immune to unholy pain and torment.
You can survive without breathing.
You are in touch with the powers of death.
You can restore your body by infusing magical energy.


Message History

The tengu reaver is engulfed in roaring flames.
The fire dragon is engulfed in roaring flames.
The tengu reaver is engulfed in roaring flames.
You see here a robe.
The fire dragon is engulfed in roaring flames.
The tengu reaver gestures wildly while chanting.
The tengu reaver conjures a globe of magical energy!
A battlesphere comes into view.
The fire dragon is engulfed in roaring flames.
You see here a tengu corpse.
The fire dragon is engulfed in roaring flames.
You see here 4 large rocks.
The fire dragon is engulfed in roaring flames.
There is an open door to the Dungeon, spattered with blood here.
Items here: ( ) [ †† 3 large rocks; a battleaxe of freezing; a robe; a stone giant corpse a frost giant corpse The tengu reaver points at you and mumbles some strange words.
The fireball explodes!
The fireball engulfs you! You resist.
You die...

[..[..)))))))).==..'.........▓
▓▓▓▓▓▓▓▓▓▓▓▓▓▓▓▓▓▓▓▓▓▓▓▓▓▓▓▓▓▓
.............................▓
▓▓▓▓♣♣♣♣♣♣♣♣♣♣▓▓▓▓▓▓▓▓▓▓▓▓▓▓.▓
...†^.....)..'...............▓
▓▓▓▓♣♣♣♣♣♣♣♣♣♣▓▓▓▓▓▓▓▓▓▓▓▓▓▓▓▓
.............................▓
▓▓▓▓▓▓▓▓▓▓▓▓▓▓▓▓▓▓▓▓▓▓▓▓▓▓▓▓.▓
..).†[[..D((*Q..@(...........▓
▓▓▓▓▓▓▓▓▓▓▓▓▓▓▓▓▓▓▓▓▓▓▓▓▓▓▓▓▓▓


You could see a fire dragon, a tengu reaver and a battlesphere.

Vanquished Creatures
  Gastronok (D)
  A tengu reaver (D)
  A frost giant (D)
  Aizul (D)
  2 stone giants (D)
  A merfolk impaler (D)
  A great orb of eyes (D)
  An ice dragon (D)
  3 naga warriors (D)
  3 hydras (D)
  A rakshasa (D)
  An anaconda (D)
  A centaur warrior (D)
  A merfolk aquamancer (D)
  An alligator snapping turtle (D)
  4 ogre magi (D)
  2 vampire magi (D)
  A satyr (D)
  2 alligators (D)
  A death yak (D)
  A tengu warrior (D)
  A shock serpent (D)
  A flayed ghost (D)
  2 orc knights (D)
  An unseen horror (D)
  A necromancer (D)
  A naga ritualist (D)
  A moth of wrath (D)
  2 orb spiders (D)
  A manticore (D)
  A salamander (D)
  A hornet (D)
  A wolf spider (D)
  2 ugly things (D)
  A deep elf mage (D)
  Joseph (D)
  A naga mage (D)
  A yaktaur (D)
  4 spiny frogs (D)
  A komodo dragon (D)
  A tengu conjurer (D)
  3 giant leeches (D)
  A merfolk (D)
  2 jumping spiders (D)
  6 two-headed ogres (D)
  A snapping turtle (D)
  3 blink frogs (D)
  4 slime creatures (D)
  A water elemental (D)
  2 redbacks (D)
  A spriggan (shapeshifter) (D)
  2 hippogriffs (D)
  Grum (D)
  A wraith (D)
  A steam dragon (D)
  A vampire mosquito (D)
  An insubstantial wisp (D)
  A naga (D)
  A porcupine (D)
  4 water moccasins (D)
  13 orc warriors (D)
  A swamp drake (D)
  3 ice beasts (D)
  5 ogres (D)
  A boggart (D)
  2 wolves (D)
  A centaur (D)
  2 crocodiles (D)
  4 giant frogs (D)
  4 orc priests (D)
  An orc wizard (D)
  An iguana (D)
  A worker ant (D)
  A sheep (D)
  An adder zombie (D)
  A giant gecko (D)
  8 orcs (D)
  2 bat skeletons (D)
  A giant cockroach (D)
  A goblin (D)
  A jackal (D)
  A ball python (D)
  A bat simulacrum (D)
  A giant newt (D)
152 creatures vanquished.

Vanquished Creatures (others)
  A hydra (D)
  A satyr (D)
  A spriggan druid (D)
  An insubstantial wisp (D)
  A giant frog (D)
5 creatures vanquished.

Grand Total: 157 creatures vanquished

Notes
Turn   | Place    | Note
-------+----------+-------------------------------------------
     0 | D        | nextgen the Mummy Fighter began the quest for the Orb.
     0 | D        | Reached XP level 1. HP: 18/18 MP: 1/1
   113 | D        | Noticed an ice beast
   118 | D        | Reached XP level 2. HP: 24/25 MP: 2/2
   126 | D        | Reached skill level 2 in Maces & Flails
   140 | D        | Killed an ice beast
   140 | D        | Reached skill level 5 in Fighting
   140 | D        | Reached skill level 3 in Maces & Flails
   140 | D        | Reached XP level 3. HP: 9/34 MP: 3/3
   140 | D        | Reached XP level 4. HP: 11/40 MP: 4/4
   317 | D        | Found a glowing silver altar of Zin.
   317 | D        | Found a glowing golden altar of the Shining One.
   317 | D        | Found an ancient bone altar of Kikubaaqudgha.
   317 | D        | Found a basalt altar of Yredelemnul.
   317 | D        | Found a shimmering altar of Xom.
   317 | D        | Found a radiant altar of Vehumet.
   318 | D        | Found an iron altar of Okawaru.
   319 | D        | Found a burning altar of Makhleb.
   320 | D        | Found a deep blue altar of Sif Muna.
   321 | D        | Found a bloodstained altar of Trog.
   322 | D        | Found a sparkling altar of Nemelex Xobeh.
   323 | D        | Found a white marble altar of Elyvilon.
   324 | D        | Found a roughly hewn altar of Beogh.
   325 | D        | Found a viscous altar of Jiyva.
   326 | D        | Became a worshipper of Warmaster Okawaru
   327 | D        | Found a corrupted altar of Lugonu.
   399 | D        | Found a blossoming altar of Fedhas.
   400 | D        | Found a snail-covered altar of Cheibriados.
   401 | D        | Found a shadowy altar of Dithmenos.
   402 | D        | Found a stormy altar of Qazlal.
   403 | D        | Found an opulent altar of Gozag.
   404 | D        | Found a sacrificial altar of Ru.
   405 | D        | Found an oddly glowing altar of Pakellas.
   406 | D        | Found a hide-covered altar of Uskayaw.
   407 | D        | Found a hazy altar of Hepliaklqana.
   457 | D        | Noticed a hippogriff
   457 | D        | Noticed an ice beast
   457 | D        | Noticed a wraith
   457 | D        | Noticed an ice beast
   462 | D        | Killed an ice beast
   462 | D        | Reached skill level 4 in Maces & Flails
   462 | D        | Reached skill level 5 in Armour
   462 | D        | Reached skill level 5 in Shields
   462 | D        | Reached XP level 5. HP: 35/47 MP: 5/5
   469 | D        | Killed a wraith
   469 | D        | Reached * piety under Okawaru
   469 | D        | Reached XP level 6. HP: 39/56 MP: 6/6
   477 | D        | Killed an ice beast
   482 | D        | Killed a hippogriff
   482 | D        | Reached ** piety under Okawaru
   482 | D        | Reached skill level 5 in Maces & Flails
   482 | D        | Reached XP level 7. HP: 45/63 MP: 7/7
   561 | D        | Noticed a steam dragon
   561 | D        | Noticed a two-headed ogre
   568 | D        | Killed a two-headed ogre
   568 | D        | Reached skill level 6 in Maces & Flails
   572 | D        | Killed a steam dragon
   581 | D        | Reached XP level 8. HP: 59/71 MP: 6/10
   761 | D        | Noticed a komodo dragon
   761 | D        | Noticed a seven-headed hydra
   775 | D        | Killed a seven-headed hydra
   775 | D        | Reached *** piety under Okawaru
   775 | D        | Reached skill level 8 in Maces & Flails
   775 | D        | Reached skill level 5 in Dodging
   781 | D        | Reached skill level 10 in Fighting
   781 | D        | Reached skill level 5 in Invocations
   781 | D        | Reached XP level 9. HP: 29/78 MP: 9/12
   786 | D        | Killed a komodo dragon
   786 | D        | Reached **** piety under Okawaru
   786 | D        | Reached skill level 9 in Maces & Flails
  1087 | D        | Noticed a five-headed hydra
  1087 | D        | Noticed a death yak
  1090 | D        | Noticed a spiny frog
  1092 | D        | Noticed a five-headed hydra
  1103 | D        | Killed a death yak
  1103 | D        | Reached skill level 10 in Maces & Flails
  1110 | D        | Killed a five-headed hydra
  1110 | D        | Reached ***** piety under Okawaru
  1110 | D        | Reached XP level 10. HP: 69/86 MP: 12/14
  1115 | D        | Killed a five-headed hydra
  1115 | D        | Reached skill level 11 in Maces & Flails
  1132 | D        | Killed a spiny frog
  1319 | D        | Noticed a spiny frog
  1320 | D        | Noticed a spiny frog
  1332 | D        | Killed a spiny frog
  1343 | D        | Noticed a spiny frog
  1345 | D        | Killed a spiny frog
  1345 | D        | Received a gift from Okawaru
  1345 | D        | Reached skill level 12 in Maces & Flails
  1353 | D        | Killed a spiny frog
  1353 | D        | Received a gift from Okawaru
  1357 | D        | Reached skill level 10 in Shields
  1572 | D        | Noticed Gastronok
  1574 | D        | Noticed Joseph
  1591 | D        | Killed Gastronok
  1591 | D        | Reached skill level 13 in Maces & Flails
  1591 | D        | Reached XP level 11. HP: 63/95 MP: 15/17
  1610 | D        | Killed Joseph
  1974 | D        | Noticed an orc knight
  1993 | D        | Killed an orc knight
  2046 | D        | Reached skill level 14 in Maces & Flails
  2185 | D        | Found Liniq's General Store.
  2185 | D        | Noticed an ogre mage
  2188 | D        | Noticed an ogre mage
  2192 | D        | Received a gift from Okawaru
  2193 | D        | Found Risoxa's Antique Weapon Shop.
  2199 | D        | Killed an ogre mage
  2367 | D        | Found Solum's Gadget Boutique.
  2369 | D        | Noticed an ogre mage
  2370 | D        | Found Ozxohiax's Antique Weapon Shop.
  2372 | D        | Noticed an ogre mage
  2381 | D        | Killed an ogre mage
  2386 | D        | Killed an ogre mage
  2390 | D        | Killed an ogre mage
  2390 | D        | Reached skill level 15 in Maces & Flails
  2396 | D        | Reached ****** piety under Okawaru
  2516 | D        | Noticed Grum
  2523 | D        | Killed Grum
  2528 | D        | Reached skill level 10 in Armour
  2627 | D        | Got the +2 fire dragon armour "Viffepewni" {rPois rF++ rC- Str+3 Int-5 SInv}
  2846 | D        | Bought a lamp of fire for 440 gold pieces
  3049 | D        | Noticed an orc knight
  3049 | D        | Noticed a centaur warrior
  3049 | D        | Noticed a tengu warrior
  3049 | D        | Noticed an unseen horror
  3052 | D        | Killed an unseen horror
  3052 | D        | Reached skill level 10 in Invocations
  3052 | D        | Reached skill level 1 in Evocations
  3052 | D        | Reached XP level 12. HP: 103/103 MP: 16/19
  3060 | D        | Killed a tengu warrior
  3066 | D        | Killed a centaur warrior
  3142 | D        | Received a gift from Okawaru
  3142 | D        | Reached skill level 16 in Maces & Flails
  3143 | D        | Noticed a rakshasa
  3161 | D        | Killed a rakshasa
  3199 | D        | Noticed Aizul
  3241 | D        | Killed Aizul
  3490 | D        | Noticed an alligator
  3494 | D        | Noticed an alligator
  3502 | D        | Killed an alligator
  3508 | D        | Noticed a four-headed hydra
  3519 | D        | Killed a four-headed hydra
  3522 | D        | Killed an alligator
  3784 | D        | Received a gift from Okawaru
  3784 | D        | Reached skill level 17 in Maces & Flails
  3973 | D        | Noticed a merfolk aquamancer
  3973 | D        | Noticed a satyr
  3973 | D        | Noticed a merfolk impaler
  3973 | D        | Noticed a satyr
  3980 | D        | Noticed an alligator snapping turtle
  3986 | D        | Killed a satyr
  3986 | D        | Gained mutation: You are in touch with the powers of death. [Mummy growth]
  3986 | D        | Gained mutation: You can restore your body by infusing magical energy. [Mummy growth]
  3986 | D        | Reached XP level 13. HP: 107/112 MP: 19/21
  3992 | D        | Killed a merfolk impaler
  3992 | D        | Reached skill level 5 in Evocations
  4042 | D        | Received a gift from Okawaru
  4406 | D        | Reached skill level 18 in Maces & Flails
  4742 | D        | Noticed a stone giant
  4742 | D        | Noticed a stone giant
  4742 | D        | Noticed a frost giant
  4753 | D        | Killed a frost giant
  4759 | D        | Killed a stone giant
  4766 | D        | Killed a stone giant
  4776 | D        | Noticed a tengu reaver
  4779 | D        | Noticed a fire dragon
  4782 | D        | Noticed a tengu reaver
  4789 | D        | Killed a tengu reaver
  4789 | D        | Received a gift from Okawaru
  4789 | D        | Reached skill level 15 in Fighting
  4800 | D        | Killed from afar by a tengu reaver

Vault maps used:
D:        linesprint

Skill      XL: |  1  2  3  4  5  6  7  8  9 10 11 12 13 |
---------------+----------------------------------------+-----
Shields        | 3 4 5 6 7 8 10 11 12 13 | 13.8
Armour         | 3 4 5 6 7 8 9 10 | 10.6
Maces & Flails | 3 4 5 6 8 10 13 15 17 18 | 18.7
Fighting       | 5 6 7 8 9 10 11 12 13 15 | 15.0
Dodging        | 2 3 4 5 6 7 |  7.9
Invocations    | 3 5 6 8 10 12 | 12.3
Evocations     | 1 4 7 |  7.6
Stealth        | |  0.3

Action                   |  1- 3 |  4- 6 |  7- 9 | 10-12 | 13-15 || total
-------------------------+-------+-------+-------+-------+-------++-------
Melee: Flail             |    50 |       |       |       |       ||    50
       Morningstar       |       |    25 |    79 |   498 |   172 ||   774
Invok: Heroism           |       |       |     4 |    11 |     3 ||    18
Evoke: Lamp of fire      |       |       |       |       |     2 ||     2
  Use: Scroll            |       |       |     2 |       |       ||     2
 Stab: Confused          |       |       |       |     4 |       ||     4
Armor: Scale mail        |    22 |       |       |       |       ||    22
       Plate armour      |       |    13 |    42 |    57 |       ||   112
       Fire dragon armou |       |       |       |    52 |    22 ||    74
Dodge: Dodged            |    11 |     8 |    32 |    98 |    26 ||   175
Block: Shield            |    22 |    15 |    62 |   125 |       ||   224
       Large shield      |       |       |       |   171 |   120 ||   291
